 Dungeon Crawl Stone Soup version 0.20-a0-936-gaf809b6 (webtiles) character file.

2951 Isola the Carver (level 9, -7/78 HPs)
             Began as a Tengu Gladiator on Mar 30, 2017.
             Was a Priest of Okawaru.
             Mangled by a two-headed ogre
             ... wielding a +0 giant club
              (10 damage)
             ... on level 8 of the Dungeon.
             The game lasted 00:17:52 (7105 turns).

Isola the Carver (Tengu Gladiator)                  Turns: 7105, Time: 00:17:53

Health: -7/78      AC: 24    Str: 15    XL:     9   Next: 81%
Magic:  12/13      EV:  2    Int: 11    God:    Okawaru [***...]
Gold:   442        SH:  0    Dex: 19    Spells: 8/8 levels left

rFire    . . .     SeeInvis .   a - +1 long sword
rCold    . . .     Gourm    .   (no shield)
rNeg     + + +     Faith    .   (armour currently unavailable)
rPois    +         Spirit   .   (helmet currently unavailable)
rElec    .         Reflect  .   (cloak currently unavailable)
rCorr    .         Harm     .   (gloves currently unavailable)
MR       .....     NoTele   +   (boots unavailable)
Stlth    ++........             n - amulet of regeneration
Regen    0.7/turn               m - +3 ring of dexterity
MPRegen  0.2/turn               g - ring of poison resistance

@: tree-form
A: (beak), (talons 0), able to fly 1
a: Fly, Heroism, Renounce Religion


You were on level 8 of the Dungeon.
You worshipped Okawaru.
Okawaru was most pleased with you.
You were hungry.
You were a tree.
You visited 1 branch of the dungeon, and saw 8 of its levels.
You also visited: Ossuary.

You collected 442 gold pieces.

Inventory:

Hand Weapons
 a - a +1 long sword (weapon)
Missiles
 d - 4 throwing nets (quivered)
Armour
 b - a +0 leather armour (melded)
 c - a +1 hat (melded)
 p - a +2 cloak (melded)
Jewellery
 g - a ring of poison resistance (right branch)
 m - a +3 ring of dexterity (left branch)
 n - an amulet of regeneration (around neck)
 v - an uncursed ring of protection from magic
 y - an uncursed ring of positive energy
 B - an uncursed amulet of faith {unknown}
Wands
 w - a wand of paralysis (6/24)
 E - a wand of lightning (9/15)
 K - a wand of flame (29/48)
Scrolls
 h - 3 scrolls of teleportation
 i - a scroll of fear
 o - 2 scrolls of fog
 q - a scroll of identify
 t - 3 scrolls of recharging
 u - 4 scrolls of remove curse
 A - a scroll of random uselessness {unknown}
 D - 4 scrolls of magic mapping
 I - a scroll of amnesia
Potions
 e - 2 potions of lignification
 r - 4 potions of flight
 s - a potion of brilliance {unknown}
 x - 3 potions of cancellation
 z - a potion of might
 C - 3 potions of mutation
 F - 2 potions of resistance {unknown}
 H - a potion of haste {unknown}
Comestibles
 f - 9 bread rations
 j - 6 royal jellies
 k - 7 fruits
 l - 9 meat rations
 J - 5 chunks of flesh


   Skills:
 + Level 3.8 Fighting
 * Level 10.8 Long Blades
 - Level 2.0 Throwing
 - Level 3.1 Armour
 - Level 7.1 Dodging
 + Level 5.0 Invocations


You had 8 spell levels left.
You didn't know any spells.

Dungeon Overview and Level Annotations

Branches:
Dungeon (8/15)             Temple (0/1) D:4
   Lair: D:8-11

Altars:
Ashenzari
Dithmenos
Elyvilon
Gozag
Kikubaaqudgha
Nemelex Xobeh
Okawaru
Uskayaw
Vehumet
Wu Jian
Xom
Yredelemnul

Shops:
D:7 *   D:8 }

Annotations:
D:6 5 runed doors
D:8 exclusion: statue


Innate Abilities, Weirdness & Mutations

((You have a beak for a mouth.))
((You have claws for feet.))
You can fly.


Message History

Your +1 hat melds into your body.
Your +0 leather armour melds into your body.
Your roots penetrate the ground.
You hit the two-headed ogre.
The two-headed ogre is heavily wounded.
The two-headed ogre hits you with a giant club!!
* * * LOW HITPOINT WARNING * * *
The two-headed ogre hits you with a giant club.
* * * LOW HITPOINT WARNING * * *
A crocodile comes into view.
You feel better.
The two-headed ogre hits you with a giant club.
* * * LOW HITPOINT WARNING * * *
The two-headed ogre hits you but does no damage.
You slash the two-headed ogre!
The two-headed ogre is almost dead.
You hit the two-headed ogre.
The two-headed ogre is almost dead.
The two-headed ogre hits you with a giant club!
You die...

......#.#####
........#...# .#
............# ..
.#....###...#### .#
###..#⌠.##'##.⌠# .##
#..............# .. ..
#..####.......###.# #..#
#.....#.......#.O.#...#
#.+...'..._...+)♣(....#
#.#...#.......#........#
..#####........t###...##
...............#....#.#
.....#⌠.##'.#.⌠#...## #
...#.####...###......
....... #...). ..#...#
........#...#. ..#....
........### .## ...


You could see a two-headed ogre and a crocodile.

Vanquished Creatures
  A basilisk (D:8)
  A sky beast (D:4)
  An ice beast (D:8)
  2 ogres
  A phantom (D:8)
  4 centaurs
  3 bullfrogs
  A big kobold (D:7)
  4 water moccasin zombies (Ossuary)
  3 scorpions
  6 crimson imps
  A bullfrog zombie (D:5)
  2 centaur zombies (D:7)
  4 hounds
  A jelly (D:5)
  Crazy Yiuf (D:2)
  2 orc priests
  8 orc wizards
  Terence (D:2)
  7 worker ants
  2 iguanas
  3 big kobold zombies (Ossuary)
  A hound skeleton (D:5)
  2 mummies (Ossuary)
  15 adders
  A shadow imp (D:5)
  An ooze (D:2)
  5 adder zombies (Ossuary)
  An adder skeleton (D:4)
  5 worms
  8 leopard geckos
  18 orcs
  2 ball pythons
  6 giant cockroaches
  7 goblins
  13 hobgoblins
  11 jackals
  A quokka (D:3)
  10 bats
  8 frilled lizards
  2 gnoll zombies (Ossuary)
  4 hobgoblin zombies (Ossuary)
  A jackal zombie (D:5)
  11 kobolds
  3 kobold zombies (Ossuary)
  A leopard gecko skeleton (D:5)
  A leopard gecko zombie (D:5)
  4 orc zombies (Ossuary)
  6 rats
  A fungus (D:2)
208 creatures vanquished.

Vanquished Creatures (others)
  A quokka (D:3)
1 creature vanquished.

Grand Total: 209 creatures vanquished

Notes
Turn   | Place    | Note
-------+----------+-------------------------------------------
     0 | D:1      | Isola the Tengu Gladiator began the quest for the Orb.
     0 | D:1      | Reached XP level 1. HP: 12/12 MP: 2/2
   189 | D:1      | Reached XP level 2. HP: 16/17 MP: 3/3
   878 | D:2      | Found a sparkling altar of Nemelex Xobeh.
   928 | D:2      | Reached XP level 3. HP: 21/21 MP: 4/4
   934 | D:2      | Reached skill level 4 in Long Blades
  1031 | D:2      | Noticed Terence
  1041 | D:2      | Killed Terence
  1041 | D:2      | Reached skill level 1 in Armour
  1062 | D:2      | Reached XP level 4. HP: 26/26 MP: 5/5
  1315 | D:2      | Found a hide-covered altar of Uskayaw.
  1606 | D:2      | Reached skill level 5 in Long Blades
  1606 | D:2      | Gained mutation: You can fly. [Tengu growth]
  1606 | D:2      | Reached XP level 5. HP: 30/30 MP: 6/6
  1664 | D:2      | Found a runed door.
  1894 | D:3      | Found a white marble altar of Elyvilon.
  2050 | D:3      | Found an iron altar of Okawaru.
  2082 | D:3      | Became a worshipper of Warmaster Okawaru
  2197 | D:3      | Found a shimmering altar of Xom.
  2215 | D:3      | Reached XP level 6. HP: 35/35 MP: 7/7
  2395 | D:4      | Reached skill level 6 in Long Blades
  2531 | D:4      | Found a basalt altar of Yredelemnul.
  2544 | D:4      | Reached skill level 5 in Dodging
  2804 | D:4      | Reached XP level 7. HP: 40/40 MP: 8/8
  2873 | D:4      | Found a shadowy altar of Dithmenos.
  3108 | D:4      | Found a staircase to the Ecumenical Temple.
  3138 | D:4      | Reached skill level 1 in Invocations
  3462 | D:5      | Entered Level 5 of the Dungeon
  3483 | D:4      | HP: 3/60 [hound (3)]
  3487 | D:4      | Reached * piety under Okawaru
  3487 | D:4      | Reached skill level 7 in Long Blades
  3726 | D:6      | Found a sand-covered staircase.
  3732 | Ossuary  | Entered an ossuary
  3762 | Ossuary  | Reached XP level 8. HP: 39/44 MP: 10/10
  3868 | Ossuary  | Reached skill level 8 in Long Blades
  3875 | Ossuary  | Reached ** piety under Okawaru
  4045 | D:6      | Found a runed gate.
  4045 | D:6      | Found a runed door.
  4054 | D:6      | Found a runed door.
  4093 | D:6      | Found a runed gate.
  4104 | D:6      | Found a runed gate.
  4279 | D:6      | Found an ancient bone altar of Kikubaaqudgha.
  4525 | D:6      | Reached skill level 9 in Long Blades
  4783 | D:5      | Found an opulent altar of Gozag.
  4977 | D:5      | Reached XP level 9. HP: 46/48 MP: 12/12
  5147 | D:5      | Found an ornate altar of the Wu Jian Council.
  5309 | D:2      | Noticed Crazy Yiuf
  5315 | D:2      | Killed Crazy Yiuf
  5861 | D:7      | Found Gaunits's Serpentskin Sales.
  6112 | D:7      | Reached *** piety under Okawaru
  6112 | D:7      | Reached skill level 10 in Long Blades
  6567 | D:8      | Found Pikkena's Gadget Shoppe.
  6659 | D:8      | Noticed a two-headed ogre
  6787 | D:8      | Noticed an elephant
  6948 | D:8      | Found a radiant altar of Vehumet.
  7016 | D:8      | Reached skill level 5 in Invocations
  7081 | D:8      | Found a shattered altar of Ashenzari.
  7088 | D:8      | Noticed a two-headed ogre
  7102 | D:8      | HP: 1/78 [two-headed ogre/giant club (6)]
  7105 | D:8      | Mangled by a two-headed ogre

Vault maps used:
D:1:      scummos_arrival_forest, minmay_misc_feat_rows, minmay_parallelograms,
          minivault_14
D:2:      nemelex_xobeh_ov_fountains_minmay, lemuel_doored_altar, first_bread,
          uniq_crazy_yiuf_cottage, uniq_terence
D:3:      okawaru_ov_weapons_minmay, elyvilon_altar_4, led_xom_imps
D:4:      minmay_wonky_spiral, yredelemnul_altar_generic,
          nicolae_dithmenos_through_a_glass_darkly, temple_doors_cd
D:5:      cheibrodos_quashed, grunt_gozag_breadcrumbs, kennysheep_mini_moat,
          wad_floor_pattern_1, minmay_lizard_king
D:6:      kiku_gazebo_pond_becter, nicolae_ossuary_entry_plus,
          minmay_guarded_unrand_staff_of_olgreb
D:7:      grunt_ogre_cave, guppyfry_shop_venom
D:8:      nicolae_ru_path_of_blood, vehumet_statue, david_lair_generic,
          serial_shops, kennysheep_little_box, evilmike_ruin_ashenzari
Ossuary:  ossuary_tomb_2

Skill      XL: |  1  2  3  4  5  6  7  8  9 |
---------------+----------------------------+-----
Long Blades    | 4 5 6 7 9 10 | 10.8
Armour         | 1 2 3 |  3.1
Dodging        | 4 5 6 7 |  7.1
Invocations    | 2 3 5 |  5.0
Fighting       | 3 |  3.8
Throwing       | |  2.0

Action                   |  1- 3 |  4- 6 |  7- 9 || total
-------------------------+-------+-------+-------++-------
Melee: Long sword        |    51 |   160 |   446 ||   657
       Kick              |    15 |    69 |   189 ||   273
       Peck              |    10 |    43 |   132 ||   185
Throw: Throwing net      |       |       |     1 ||     1
 Abil: Fly               |       |     2 |    32 ||    34
  Use: Scroll            |     5 |     3 |     9 ||    17
       Potion            |       |       |     8 ||     8
 Stab: Sleeping          |     4 |       |     6 ||    10
       Held in net/web   |       |       |     2 ||     2
       Distracted        |       |       |     1 ||     1
  Eat: Chunk             |       |     7 |    18 ||    25
Armor: Leather armour    |    11 |    39 |    67 ||   117
       Skin              |       |       |    84 ||    84
Dodge: Dodged            |    42 |   118 |   295 ||   455
       Rpst.: Long sword |    14 |    47 |    97 ||   158
